 Dungeon Crawl Stone Soup version 0.28.0-53-g5a82cb258f (webtiles) character file.

Game seed: 17507197909168926307

492 safid the Cleaver (level 7, -4/59 HPs)
             Began as a Hill Orc Fighter on Aug 5, 2022.
             Slain by a gnoll
             ... wielding a +0 club
              (6 damage)
             ... on level 5 of the Dungeon.
             The game lasted 00:04:31 (3839 turns).

safid the Cleaver (Hill Orc Fighter)                Turns: 3839, Time: 00:04:32

Health: -4/59      AC:  8    Str: 21    XL:     7   Next: 14%
Magic:  7/7        EV:  9    Int:  8    God:
Gold:   129        SH:  4    Dex: 10    Spells: 6/6 levels left

rFire   . . .      SeeInvis .   a - +0 war axe
rCold   . . .      Faith    .   c - +0 buckler
rNeg    . . .      Spirit   .   b - +0 scale mail
rPois   .          Reflect  .   (no helmet)
rElec   .          Harm     .   j - scarf {repulsion}
rCorr   .          Rampage  .   f - +0 pair of gloves
Will    .....                   (no boots)
Stlth   ..........              (no amulet)
HPRegen 0.19/turn               (no ring)
MPRegen 0.10/turn               (no ring)

@: lethally poisoned (-4 -> -28), repel missiles
A: no striking features
a: no special abilities


You were on level 5 of the Dungeon.
You visited 1 branch of the dungeon, and saw 5 of its levels.

You collected 129 gold pieces.

Inventory:

Hand Weapons
 a - a +0 war axe (weapon)
Missiles
 r - 3 poisoned darts (quivered)
Armour
 b - a +0 scale mail (worn)
 c - a +0 buckler (worn)
 f - a +0 pair of gloves (worn)
 j - a scarf of repulsion (worn)
Jewellery
 s - a ring of fire
Scrolls
 k - 3 scrolls of identify {unknown}
 m - 2 scrolls of enchant weapon {unknown}
 n - a scroll of fear {unknown}
 p - a scroll of vulnerability {unknown}
 t - a scroll of immolation {unknown}
 u - a scroll of blinking {unknown}
Potions
 d - 2 potions of might
 e - 2 potions of lignification {unknown}
 g - a potion of haste
 i - a potion of brilliance {unknown}
 l - a potion of degeneration {unknown}
 o - a potion of attraction {unknown}
 q - a potion of cancellation {unknown}


   Skills:
 - Level 4.0 Fighting
 + Level 9.0 Axes
 - Level 4.0 Armour
 - Level 4.0 Shields


You had 6 spell levels left.
You didn't know any spells.
Your spell library contained the following spells:

 Spells                   Type           Power      Damage    Failure   Level
 Animate Skeleton         Necr           0%         N/A       83%         1
 Shock                    Conj/Air       0%         1d3       83%         1
 Swiftness                Air            0%         N/A       99%         3
 Airstrike                Air            0%         N/A       100%        4


Dungeon Overview and Level Annotations

Branches:
Dungeon (5/15)             Temple (0/1) D:5

Altars:

Annotations:
D:4 1 runed translucent door, lotum's ghost, amateur DsNe


Message History

You now have 116 gold pieces (gained 15).
You now have 122 gold pieces (gained 6).
You now have 129 gold pieces (gained 7).
Found a club.
A gnoll comes into view. It is wielding a +0 club.
Found 15 gold pieces.
The gnoll shouts!
You hear a shout! x2
A gnoll sergeant comes into view. It is wielding a +1 spear of venom.
You hear a shout!
A gnoll comes into view. It is wielding a +0 club.
The gnoll sergeant shouts!
The gnoll shouts!
A gnoll comes into view. It is wielding a +0 club.
The gnoll moves out of view.
The gnoll hits you with a +0 club.
The gnoll sergeant hits you from afar with a +1 spear of venom.
You are poisoned.
You closely miss the gnoll. You hit the gnoll but do no damage.
You feel very sick. The gnoll hits you but does no damage.
The gnoll hits you with a +0 club.
The gnoll sergeant hits you from afar with a +1 spear of venom!
You are more poisoned.
You hit the gnoll.
The gnoll is lightly wounded.
You hit the gnoll.
You feel very sick. The gnoll hits you with a +0 club.
The gnoll closely misses you.
The gnoll sergeant hits you from afar with a +1 spear of venom!
* * * LOW HITPOINT WARNING * * *
You are more poisoned.
The gnoll hits you but does no damage.
* * * LOW HITPOINT WARNING * * *
You feel extremely sick.
A gnoll comes into view. It is wielding a +0 whip.
You hit the gnoll.
The gnoll is moderately wounded.
You hit the gnoll.
* * * LOW HITPOINT WARNING * * *
You feel extremely sick. The gnoll hits you with a +0 club.
You die...

#......... .# #..#.#.#> .##
#####..†....). ...
#.....#.#.#.g. .. ###.....#...#
###g# ..).....#)#... ...# #
..).....#.##### #gg#.# ###
..[..####+###.###g...# #.#
.............>#.@g.$.## #.#
####........#.#.......######.##
.....÷........).#######.......#
.......########.......#.####.##
................#.....#.####.#
........######..##.#....#....#
..<......)...........####.#####
.........####....##.## #.....#
......#........#.##.# ####.##


You could see a gnoll sergeant and 4 gnolls.

Vanquished Creatures
  A water moccasin (D:5)
  A scorpion (D:5)
  A bullfrog zombie (D:5)
  4 hounds
  An iguana (D:5)
  An orc wizard (D:5)
  An adder (D:3)
  An adder skeleton (D:4)
  2 worms
  A dart slug (D:3)
  5 orcs
  6 bats
  6 endoplasms
  A giant cockroach (D:4)
  10 goblins
  8 hobgoblins
  18 jackals
  8 kobolds
  2 quokkas (D:1)
  6 ball pythons
  5 frilled lizards
  11 rats
100 creatures vanquished.

Vanquished Creatures (others)
  2 fungi (D:1)
  3 plants (D:1)
5 creatures vanquished.

Grand Total: 105 creatures vanquished

Notes
Turn   | Place    | Note
-------+----------+-------------------------------------------
     0 | D:1      | safid the Hill Orc Fighter began the quest for the Orb.
     0 | D:1      | Reached XP level 1. HP: 19/19 MP: 1/1
    66 | D:1      | Reached XP level 2. HP: 15/27 MP: 2/2
    67 | D:1      | Reached skill level 3 in Axes
    72 | D:1      | Found a faded altar of an unknown god.
   227 | D:1      | Got Plato's Catalogue of Dark Arts
   439 | D:1      | Reached XP level 3. HP: 33/33 MP: 3/3
  1018 | D:2      | Reached skill level 4 in Axes
  1018 | D:2      | Reached XP level 4. HP: 35/40 MP: 4/4
  1876 | D:3      | Reached skill level 5 in Axes
  1876 | D:3      | Reached XP level 5. HP: 25/46 MP: 5/5
  2512 | D:4      | Reached skill level 6 in Axes
  2612 | D:4      | Found a runed translucent door.
  2612 | D:4      | Noticed lotum's ghost (amateur DsNe)
  3069 | D:5      | Entered Level 5 of the Dungeon
  3078 | D:5      | Reached skill level 7 in Axes
  3078 | D:5      | Reached XP level 6. HP: 24/52 MP: 6/6
  3355 | D:5      | Reached skill level 8 in Axes
  3507 | D:5      | Found a staircase to the Ecumenical Temple.
  3507 | D:5      | Noticed a water moccasin
  3524 | D:5      | Killed a water moccasin
  3525 | D:5      | Reached skill level 9 in Axes
  3525 | D:5      | Reached XP level 7. HP: 21/59 MP: 7/7
  3839 | D:5      | HP: 2/59 [poisoned by a gnoll sergeant]
  3839 | D:5      | Slain by a gnoll

Illustrated notes

Levels and vault maps discovered:
D:1:      psy_arrival_conway, layout_basic, shapermc_ecumenical_altar_rom_forum,
          minmay_split_cup_small
D:2:      layout_loops_corners
D:3:      layout_rooms, grunt_ministairs_9
D:4:      kennysheep_big_flooded_room, layout_basic,
          hellmonk_ghost_happy_afterlife, kennysheep_pointless_box
D:5:      layout_basic, minmay_temple_entry_sparse_star,
          minmay_misc_feat_more_columns

Skill      XL: |  1  2  3  4  5  6 |
---------------+-------------------+-----
Axes           | 3 4 5 7 9 |  9.0
Fighting       | 4 |  4.0
Armour         | 4 |  4.0
Shields        | 4 |  4.0

Action                   |  1- 3 |  4- 6 |  7- 9 || total
-------------------------+-------+-------+-------++-------
Melee: War axe           |    96 |   171 |     3 ||   270
  Use: Potion            |       |     3 |       ||     3
Armor: Scale mail        |    50 |    81 |     2 ||   133
Dodge: Dodged            |    41 |    74 |     1 ||   116
       Repelled          |       |     1 |       ||     1
Block: Buckler           |    26 |    62 |       ||    88
